 Dungeon Crawl Stone Soup version 0.30-a0-377-g5cb311bc9f (webtiles) character file.

Game seed: 12568276302773234007

681 arthad the Insei (level 7, 0/53 HPs)
             Began as a Gnoll Transmuter on Nov 27, 2022.
             Was an Initiate of Cheibriados.
             Killed by divine providence
             ... invoked by an orc priest
              (13 damage)
             ... on level 5 of the Dungeon.
             The game lasted 00:14:35 (3984 turns).

arthad the Insei (Gnoll Transmuter)                 Turns: 3984, Time: 00:14:35

Health: 0/53       AC:  2    Str: 11    XL:     7   Next: 61%
Magic:  9/15       EV: 23    Int: 15    God:    Cheibriados [......]
Gold:   151        SH:  0    Dex: 18    Spells: 9/17 levels left

rFire   . . .      SeeInvis .      - Unarmed
rCold   . . .      Faith    .    (shield currently unavailable)
rNeg    . . .      Spirit   .    (body armour currently unavailable)
rPois   x          Reflect  .    (helmet currently unavailable)
rElec   .          Harm     .    (cloak currently unavailable)
rCorr   +          Rampage  .    (gloves currently unavailable)
Will    .....                    (boots currently unavailable)
Stlth   ++........               (no amulet)
HPRegen 0.28/turn                r - ring of resist corrosion
MPRegen 0.14/turn                (no ring)

@: lethally poisoned (0 -> -5), spider-form, wereblooded, very slow
A: venomous fangs, tiny, (fangs 1), strong nose, distributed training
a: End Transformation, Renounce Religion


You were on level 5 of the Dungeon.
You worshipped Cheibriados.
Cheibriados was noncommittal.
You were a venomous arachnid creature.
You visited 2 branches of the dungeon, and saw 6 of its levels.
You also visited: Sewer.

You collected 229 gold pieces.
You spent 78 gold pieces at shops.

Inventory:

Hand Weapons
 d - a +1 vorpal sling
 v - a +0 short sword of speed
 w - a +2 short sword of venom
Missiles
 s - 5 poisoned darts
Armour
 a - a +1 robe (melded)
 q - a +0 pair of gloves (melded)
 u - a +0 cloak (melded)
Jewellery
 m - a ring of fire
 r - a ring of resist corrosion (left front leg)
Wands
 g - a wand of roots (9)
Scrolls
 b - 3 scrolls of teleportation
 c - a scroll of immolation
 f - a scroll of vulnerability
 i - a scroll of enchant weapon
 n - 5 scrolls of identify
 x - a scroll of enchant armour
 y - a scroll of noise {unknown}
 z - a scroll of amnesia
 A - a scroll of blinking {unknown}
Potions
 e - a potion of resistance {unknown}
 h - 2 potions of heal wounds {unknown}
 j - a potion of haste {unknown}
 k - 7 potions of flight
 l - 2 potions of curing {unknown}
 o - a potion of brilliance {unknown}
 p - 4 potions of might {unknown}
 t - 3 potions of attraction {unknown}
 B - a potion of degeneration {unknown}


   Skills:
 + Level 3.8 Fighting
 + Level 2.7 Short Blades
 + Level 2.7 Long Blades
 + Level 2.7 Axes
 + Level 2.7 Maces & Flails
 + Level 2.7 Polearms
 + Level 2.7 Staves
 + Level 2.7 Ranged Weapons
 + Level 2.7 Throwing
 + Level 2.7 Armour
 + Level 5.3 Dodging
 + Level 2.7 Stealth
 + Level 2.7 Shields
 + Level 7.1 Unarmed Combat
 + Level 5.7 Spellcasting
 + Level 2.2 Conjurations
 + Level 2.2 Hexes
 + Level 2.2 Summonings
 + Level 2.2 Necromancy
 + Level 2.2 Translocations
 + Level 4.4 Transmutations
 + Level 2.2 Fire Magic
 + Level 2.2 Ice Magic
 + Level 2.2 Air Magic
 + Level 2.2 Earth Magic
 + Level 2.2 Poison Magic
 + Level 3.0 Invocations
 + Level 2.7 Evocations


You had 9 spell levels left.
You knew the following spells:

 Your Spells              Type           Power      Damage    Failure   Level
a - Beastly Appendage     Tmut           34%        N/A       10%         1
b - Wereblood             Tmut           17%        N/A       12%         2
c - Poisonous Vapours     Pois/Air       20%        N/A       24%         2
d - Spider Form           Tmut/Pois      14%        N/A       28%         3

Your spell library contained the following spells:

 Spells                   Type           Power      Damage    Failure   Level
 Apportation              Tloc           20%        N/A       17%         1
 Cigotuvi's Dreadful Rot  Necr/Pois/Air  20%        N/A       24%         2
 Frozen Ramparts          Ice            20%        1d4       38%         3
 Hailstorm                Conj/Ice       10%        3d5       38%         3
 Mephitic Cloud           Conj/Pois/Air  10%        N/A       38%         3
 Tukima's Dance           Hex            10%        N/A       38%         3
 Ice Form                 Ice/Tmut       14%        N/A       58%         4
 Passage of Golubria      Tloc           10%        N/A       73%         4
 Summon Ice Beast         Ice/Summ       10%        N/A       73%         4
 Alistair's Intoxication  Tmut/Pois      9%         N/A       87%         5
 Yara's Violent Unravell  Hex/Tmut       7%         3d5       87%         5
 Simulacrum               Ice/Necr       5%         N/A       100%        6


Dungeon Overview and Level Annotations

Branches:
Dungeon (5/15)             Temple (1/1) D:4           Sewer (visited)

Altars:
Ashenzari
Cheibriados
Dithmenos
Elyvilon
Fedhas
Makhleb
Nemelex Xobeh
Qazlal
Ru
Sif Muna
Trog
Vehumet
Wu Jian
Yredelemnul
Zin
The Shining One

Shops:
D:2 *


Innate Abilities, Weirdness & Mutations

You are a venomous arachnid creature.
You have poisonous fangs.
You are tiny and dextrous.
Your spellcasting is less reliable in this form.
Your armour is entirely melded.
You are incapable of wielding weapons or throwing items.
((You have very sharp teeth.))
Your uncanny sense of smell can sniff out nearby items.
Your experience applies equally to all skills.


Message History

Unknown command.
You hit the centaur.
The centaur is poisoned.
The centaur is lightly wounded.
The centaur misses you. The centaur barely misses you.
The quokka completely misses you. The adder bites you.
You are poisoned.
The adder poisons you!
Unknown command.
You barely miss the orc priest.
You feel very sick. The centaur barely misses you. The centaur misses you.
The quokka completely misses you. The orc priest completely misses you.
The adder misses you. The centaur hits you. The centaur misses you.
The adder completely misses you.
You hit the orc priest but do no damage.
The orc priest is poisoned.
You feel sick. The quokka bites you. The orc priest hits you with a +0 whip.
The orc misses you. The centaur completely misses you. The centaur kicks you.
The adder closely misses you. The adder completely misses you.
You hit the orc priest.
The orc priest is heavily wounded.
You feel sick. The quokka barely misses you. The centaur completely misses you.
The centaur barely misses you. The adder misses you.
The orc closely misses you. x2; The adder bites you.
You bite the centaur!
The centaur looks as sick as possible!
The centaur is heavily wounded.
You feel sick. The centaur misses you. The centaur completely misses you.
The quokka closely misses you. The adder barely misses you.
The adder completely misses you. The orc barely misses you.
The centaur completely misses you. x2; The quokka bites you.
You feel sick. The adder barely misses you. The adder completely misses you.
The centaur hits you.
* * * LOW HITPOINT WARNING * * *
The centaur misses you. The orc misses you.
The orc hits you with a +0 hand axe.
* * * LOW HITPOINT WARNING * * *
The orc closely misses you.
The orc priest mumbles some strange prayers to Beogh against you.
Beogh smites you!
You die...

.♣. ♣. .♣...#
...♣♣.♣♣.....#
#............##
#............#
#?..........#
#...5.......
#..SrS.....#
#..osco....#
.......oo....##
...##..o.....#
. #..........#
#..........#
.[.....!...#
............#
#[...........#


You could see a centaur (extremely poisoned), an orc priest (poisoned), 2
adders, a shadow imp, 4 orcs and a quokka.

Vanquished Creatures
  Duvessa (D:4)
  A black bear (D:4)
  A phantom (D:4)
  Dowan (D:4)
  A hound (D:2)
  A merfolk siren (Sewer)
  A merfolk avatar (Sewer)
  A mummy (D:4)
  10 gnolls
  4 adders
  3 river rats (Sewer)
  3 worms
  2 dart slugs
  4 orcs (D:4)
  3 endoplasms
  3 giant cockroaches
  3 goblins
  7 hobgoblins
  4 jackals (D:2)
  8 quokkas
  8 ball pythons
  2 bats (D:2)
  13 frilled lizards
  3 kobolds
  A kobold zombie (D:4)
  3 orc zombies (D:4)
  25 rats
117 creatures vanquished.

Vanquished Creatures (others)
  5 plants (D:1)
5 creatures vanquished.

Grand Total: 122 creatures vanquished

Notes
Turn   | Place    | Note
-------+----------+-------------------------------------------
     0 | D:1      | arthad the Gnoll Transmuter began the quest for the Orb.
     0 | D:1      | Reached XP level 1. HP: 17/17 MP: 6/6
   338 | D:1      | Reached XP level 2. HP: 17/23 MP: 7/7
   676 | D:2      | Learned a level 2 spell: Wereblood
   697 | D:2      | Found Burusuil's Assorted Antiques.
   705 | D:2      | Bought a scroll labelled CIRPHE UGRIKH for 27 gold pieces
   705 | D:2      | Bought a scroll labelled FANGA UPOOME for 27 gold pieces
   897 | D:2      | Reached skill level 5 in Spellcasting
   897 | D:2      | Reached XP level 3. HP: 22/28 MP: 6/9
  1042 | D:2      | Reached skill level 1 in Short Blades
  1042 | D:2      | Reached skill level 1 in Long Blades
  1042 | D:2      | Reached skill level 1 in Axes
  1042 | D:2      | Reached skill level 1 in Maces & Flails
  1042 | D:2      | Reached skill level 1 in Polearms
  1042 | D:2      | Reached skill level 1 in Staves
  1042 | D:2      | Reached skill level 1 in Ranged Weapons
  1042 | D:2      | Reached skill level 1 in Throwing
  1042 | D:2      | Reached skill level 1 in Armour
  1042 | D:2      | Reached skill level 1 in Stealth
  1042 | D:2      | Reached skill level 1 in Shields
  1042 | D:2      | Reached skill level 1 in Invocations
  1042 | D:2      | Reached skill level 1 in Evocations
  1042 | D:2      | Reached XP level 4. HP: 13/34 MP: 8/11
  1144 | D:2      | Learned a level 2 spell: Poisonous Vapours
  1148 | D:2      | Learned a level 3 spell: Spider Form
  1366 | D:2      | Bought a glowing pink potion for 24 gold pieces
  1508 | D:3      | Reached skill level 1 in Conjurations
  1508 | D:3      | Reached skill level 1 in Hexes
  1508 | D:3      | Reached skill level 1 in Summonings
  1508 | D:3      | Reached skill level 1 in Necromancy
  1508 | D:3      | Reached skill level 1 in Translocations
  1508 | D:3      | Reached skill level 1 in Fire Magic
  1508 | D:3      | Reached skill level 1 in Ice Magic
  1508 | D:3      | Reached skill level 1 in Air Magic
  1508 | D:3      | Reached skill level 1 in Earth Magic
  1508 | D:3      | Reached skill level 1 in Poison Magic
  1706 | D:3      | Reached XP level 5. HP: 38/40 MP: 12/12
  2113 | D:4      | Found a glowing drain.
  2226 | Sewer    | Entered a sewer
  2546 | Sewer    | Noticed a malarious merfolk avatar
  2560 | Sewer    | Killed a malarious merfolk avatar
  2561 | Sewer    | Reached XP level 6. HP: 44/47 MP: 11/14
  2733 | D:4      | Noticed Dowan
  2735 | D:4      | Noticed Duvessa
  2747 | D:4      | Killed Dowan
  2747 | D:4      | Killed Duvessa
  2748 | D:4      | Reached skill level 5 in Dodging
  2924 | D:4      | Reached skill level 7 in Unarmed Combat
  2924 | D:4      | Reached XP level 7. HP: 20/52 MP: 1/15
  3184 | D:4      | Found a basalt altar of Yredelemnul.
  3208 | D:4      | Found a sacrificial altar of Ru.
  3341 | D:4      | Found a glowing silver altar of Zin.
  3341 | D:4      | Found a blossoming altar of Fedhas.
  3860 | D:4      | Found a staircase to the Ecumenical Temple.
  3866 | Temple   | Entered the Ecumenical Temple
  3904 | Temple   | Became a worshipper of Cheibriados the Contemplative
  3975 | D:5      | Entered Level 5 of the Dungeon
  3984 | D:5      | Killed from afar by an orc priest

Illustrated notes

Levels and vault maps discovered:
D:1:      tarquinn_simple_flora_water_c, layout_basic, minmay_lizard_king
D:2:      layout_basic, serial_shops, shop, minmay_bisected
D:3:      layout_basic, minmay_misc_feat_doors
D:4:      layout_loops_ring, gammafunk_temple_overflow_statue,
          mainiacjoe_overflow_big_doors, minmay_temple_entry_enclosed_plants,
          cheibrodos_sewer_entry_bend, minmay_mini_ossuary, uniq_duvessa
D:5:      layout_rooms, nicolae_overflow_hidden_temple,
          mainiacjoe_overflow_small_starburst, serial_corexii_hall,
          corexii_hall_statues_i, corexii_hall_statues_deadend,
          chequers_hall_statues_corner_a
Temple:   nicolae_temple_ecumenical_triangle

Skill      XL: |  1  2  3  4  5  6  7 |
---------------+----------------------+-----
Spellcasting   | 5 |  5.7
Short Blades   | 1 2 |  2.7
Long Blades    | 1 2 |  2.7
Axes           | 1 2 |  2.7
Maces & Flails | 1 2 |  2.7
Polearms       | 1 2 |  2.7
Staves         | 1 2 |  2.7
Ranged Weapons | 1 2 |  2.7
Throwing       | 1 2 |  2.7
Armour         | 1 2 |  2.7
Stealth        | 1 2 |  2.7
Shields        | 1 2 |  2.7
Invocations    | 1 2 3 |  3.0
Evocations     | 1 2 |  2.7
Conjurations   | 1 2 |  2.2
Hexes          | 1 2 |  2.2
Summonings     | 1 2 |  2.2
Necromancy     | 1 2 |  2.2
Translocations | 1 2 |  2.2
Fire Magic     | 1 2 |  2.2
Ice Magic      | 1 2 |  2.2
Air Magic      | 1 2 |  2.2
Earth Magic    | 1 2 |  2.2
Poison Magic   | 1 2 |  2.2
Fighting       | 3 |  3.8
Transmutations | 4 |  4.4
Dodging        | 5 |  5.3
Unarmed Combat | 7 |  7.1

Action                   |  1- 3 |  4- 6 |  7- 9 || total
-------------------------+-------+-------+-------++-------
Melee: Unarmed           |    87 |   156 |    55 ||   298
       Kick              |    10 |    18 |     9 ||    37
       Punch             |     4 |     7 |       ||    11
       Bite              |     3 |     8 |     4 ||    15
       Headbutt          |     1 |     8 |     3 ||    12
 Fire: Sling             |       |    14 |       ||    14
Throw: Dart              |       |     2 |       ||     2
 Cast: Beastly Appendage |    14 |    14 |     3 ||    31
       Wereblood         |     1 |     2 |     3 ||     6
       Poisonous Vapours |       |    15 |    14 ||    29
       Spider Form       |       |       |     1 ||     1
Evoke: Wand              |       |     3 |       ||     3
  Use: Scroll            |     2 |     7 |       ||     9
       Potion            |       |     1 |       ||     1
 Stab: Sleeping          |       |     7 |     2 ||     9
Armor: Robe              |    13 |    33 |    15 ||    61
Dodge: Dodged            |    62 |    88 |    67 ||   217

Table legend: (Time is in decaauts)
 A = Elapsed time spent in this place.
 B = Non-inter-level travel time spent in this place.
 C = Inter-level travel time spent in this place.
 D = Time resting spent in this place.
 E = Time spent auto-exploring this place.
 F = Levels seen in this place.
 G = Mean time per level.
                   A        B        C        D        E       F      G
               +--------+--------+--------+--------+--------+-----+--------+
         Total |   4015 |   3877 |    138 |    404 |   2514 |   7 |  573.6 |
       Dungeon |   3484 |   3356 |    128 |    324 |   2363 |   5 |  696.8 |
        Temple |     49 |     40 |      9 |      0 |     30 |   1 |   49.0 |
         Sewer |    480 |    480 |      0 |     80 |    120 |   1 |  480.0 |
               +--------+--------+--------+--------+--------+-----+--------+

Top non-repeatable levels by time:
     D:4: 1421 daAuts
     D:2: 753 daAuts
     D:3: 690 daAuts
     D:1: 610 daAuts
   Sewer: 480 daAuts
  Temple: 49 daAuts
     D:5: 8 daAuts
